 Dungeon Crawl Stone Soup version 0.31.0-7-gf635a9b802 (webtiles) character file.

Game seed: 10429147938758508023

3172 Getoffmy the Basher (level 9, -2/85 (90) HPs)
             Began as an Oni Fighter on Jan 24, 2024.
             Was a Follower of Hepliaklqana.
             Slain by an ice beast (3 damage)
             ... on level 7 of the Dungeon.
             The game lasted 00:12:09 (7711 turns).

Getoffmy the Basher (Oni Fighter)                   Turns: 7711, Time: 00:12:09

HP:   -2/85 (90)    AC:  7    Str: 26    XL:     9   Next: 94%
MP:   11/11         EV: 10    Int:  9    God:    Hepliaklqana [*.....]
Gold: 494           SH:  0    Dex: 14    Spells: 8/8 levels left

rFire   . . .        A - +0 giant club
rCold   + + .        (shield currently unavailable)
rNeg    . . .        d - +2 robe {rC+}
rPois   .            s - +2 hat
rElec   .            (no cloak)
rCorr   .            (gloves unavailable)
SInv    .            (boots unavailable)
Will    .....        (no amulet)
Stlth   +            h - +6 ring of dexterity
HPRegen 0.34/turn    r - ring of protection from cold
MPRegen 0.12/turn

%: no passive effects
@: drained
A: reduced essence, large, unfitting armour, horns 1, tough skin 1, double
potion healing, drunken brawling
a: Renounce Religion, Recall Ancestor, Ancestor Identity


You were on level 7 of the Dungeon.
You worshipped Hepliaklqana.
Hepliaklqana was aware of your devotion.
You visited 2 branches of the dungeon, and saw 8 of its levels.

You collected 494 gold pieces.

Inventory:

Hand Weapons
 a - a +0 flail
 A - a +0 giant club (weapon)
Missiles
 e - a throwing net
 i - 75 stones (quivered)
 m - 32 poisoned darts
 q - 3 boomerangs
Armour
 c - a +0 kite shield
 d - a +2 robe of cold resistance (worn)
 s - a +2 hat (worn)
Jewellery
 h - a +6 ring of dexterity (left hand)
 r - a ring of protection from cold (right hand)
 t - a ring of flight
 B - a ring of ice
Wands
 v - a wand of polymorph (7)
 w - a wand of acid (6)
 x - a wand of paralysis (11)
 C - a wand of digging (4)
Scrolls
 f - 4 scrolls of teleportation
 j - 3 scrolls of noise
 l - 2 scrolls of poison
 u - a scroll of vulnerability
Potions
 b - a potion of invisibility {unknown}
 g - 3 potions of lignification
 k - 2 potions of mutation {unknown}
 n - 3 potions of haste {unknown}
 o - 2 potions of heal wounds {unknown}
 p - a potion of cancellation {unknown}
 z - a potion of brilliance {unknown}


   Skills:
 + Level 10.2 Fighting
 * Level 10.5 Maces & Flails
 - Level 2.8 Dodging
 - Level 4.7 Shields
 + Level 3.0 Invocations


You had 8 spell levels left.
You didn't know any spells.
Your spell library contained the following spells:

 Spells                   Type           Power      Damage    Failure   Level
 Apportation              Tloc           0%         N/A       38%         1
 Magic Dart               Conj           0%         1d3       38%         1
 Necrotise                Necr           0%         1d4       38%         1
 Shock                    Conj/Air       0%         1d3       38%         1
 Slow                     Hex            0%         N/A       38%         1
 Sting                    Conj/Alch      0%         1d3       38%         1
 Summon Small Mammal      Summ           0%         N/A       38%         1
 Blink                    Tloc           0%         N/A       52%         2
 Call Imp                 Summ           0%         N/A       52%         2
 Scorch                   Fire           0%         2d5       52%         2
 Confusing Touch          Hex            0%         N/A       77%         3
 Sigil of Binding         Hex            0%         N/A       77%         3
 Swiftness                Air            0%         N/A       77%         3
 Vampiric Draining        Necr           0%         2d6       77%         3
 Airstrike                Air            0%         2d(0-16)  99%         4
 Flame Wave               Conj/Fire      0%         2d4       99%         4
 Summon Cactus Giant      Summ           0%         N/A       100%        6


Dungeon Overview and Level Annotations

Branches:
Dungeon (7/15)             Temple (1/1) D:6

Altars:
Ashenzari
Cheibriados
Dithmenos
Elyvilon
Gozag
Hepliaklqana
Kikubaaqudgha
Makhleb
Nemelex Xobeh
Okawaru
Trog
Uskayaw
Vehumet
Wu Jian
Xom
Yredelemnul
Zin
The Shining One


Innate Abilities, Weirdness & Mutations

Your life essence is reduced to manifest your ancestor. (-10% HP)
You are too large for most types of armour.
You have a pair of small horns on your head.
You have tough skin. (AC +1)
You gain doubled healing and magic from potions.
Whenever you drink a healing potion, you attack all around you.


Message History

Shedsu-nefertum hits the wight but does no damage.
You bludgeon the wight!!
You destroy the wight!
The wight hits you with a +2 vampiric short sword!
The wight hits you with a +3 morningstar!
Shedsu-nefertum closely misses the wight.
You are too injured to fight recklessly!
You are too injured to fight recklessly!
You are too injured to fight recklessly!
Unknown command.
You are too injured to fight recklessly!
The wight hits you with a +2 vampiric short sword.
Shedsu-nefertum barely misses the wight.
You closely miss the wight. Your headbutt misses the wight.
The ice beast barely misses you.
The wight hits you with a +2 vampiric short sword.
Shedsu-nefertum barely misses the wight.
You bludgeon the wight!!
You destroy the wight!
The ice beast hits you. The ice beast freezes you. You resist.
Shedsu-nefertum hits the ice beast.
Your Invocations skill increases to level 3!
You barely miss the ice beast.
The ice beast is lightly wounded.
The ice beast barely misses you.
The wight hits you with a +3 morningstar!
* * * LOW HITPOINT WARNING * * *
The wight hits you from afar with a +1 spear of freezing.
* * * LOW HITPOINT WARNING * * *
Shedsu-nefertum barely misses the ice beast.
The ice beast misses you.
The wight hits you with a +3 morningstar.
* * * LOW HITPOINT WARNING * * *
You barely miss the wight.
The wight hits you from afar with a +1 spear of freezing.
* * * LOW HITPOINT WARNING * * *
You feel drained.
Shedsu-nefertum barely misses the ice beast.
The ice beast hits you.
You die...

.#.## ###.#......#####
...... #.#......# #
...... #.#......### #
...... ###.#.####...###
......##...#.##........
...........#..#.######.
.....z)....##.#.##...#.
#zY)..##.#.##.#.#.
#@R...##.#.##.#.#.
#........#....#...
#......##########.
#......# ........
###.##.# ########
#.....# # ####### # # #


You could see the friendly Shedsu-nefertum the ancestor, an ice beast (ally
target) and 2 wights.

Vanquished Creatures
  Grinder (D:6)
  Sigmund (D:3)
  A basilisk (D:6)
  2 ice beasts (D:6)
  A black bear (D:6)
  2 ogres
  2 centaurs
  4 kobold brigands
  4 phantoms
  A bullfrog (D:6)
  3 scorpions (D:6)
  7 wights (D:7)
  A howler monkey (D:6)
  A hound (D:5)
  3 sleepcaps
  A gnoll bouda (D:3)
  2 orc priests (D:6)
  2 iguanas
  2 orc wizards
  12 gnolls
  6 adders
  An ufetubus (D:6)
  A ribbon worm (D:2)
  2 dart slugs
  11 orcs
  4 ball pythons
  9 endoplasms
  2 giant cockroaches (D:1)
  11 goblins
  10 hobgoblins
  3 jackals (D:2)
  6 quokkas
  6 bats
  4 frilled lizards
  28 kobolds
  5 rats
162 creatures vanquished.

Vanquished Creatures (collateral kills)
  A wight (D:7)
1 creature vanquished.

Vanquished Creatures (others)
  A kobold demonologist (D:6)
  A butterfly (D:5)
2 creatures vanquished.

Grand Total: 165 creatures vanquished

Notes
Turn   | Place    | Note
-------+----------+-------------------------------------------
     0 | D:1      | Getoffmy the Oni Fighter began the quest for the Orb.
     0 | D:1      | Reached XP level 1. HP: 24/24 MP: 1/1
   141 | D:1      | Reached XP level 2. HP: 32/32 MP: 2/2
   527 | D:1      | Reached XP level 3. HP: 22/40 MP: 3/3
  1098 | D:2      | Found a faded altar of an unknown god.
  1103 | D:2      | Reached XP level 4. HP: 49/49 MP: 4/4
  1760 | D:3      | Noticed Sigmund
  1912 | D:4      | Found a shadowy altar of Dithmenos.
  2344 | D:3      | Found a snail-covered altar of Cheibriados.
  2455 | D:3      | Killed Sigmund
  2456 | D:3      | Reached skill level 5 in Fighting
  2456 | D:3      | Reached XP level 5. HP: 57/57 MP: 5/5
  2456 | D:3      | Reached XP level 6. HP: 66/66 MP: 6/6
  3003 | D:4      | Reached skill level 5 in Maces & Flails
  3998 | D:5      | Entered Level 5 of the Dungeon
  4014 | D:5      | Found a sparkling altar of Nemelex Xobeh.
  4064 | D:5      | Reached XP level 7. HP: 73/75 MP: 7/7
  4423 | D:5      | Reached XP level 8. HP: 75/84 MP: 8/8
  4659 | D:5      | Found a white marble altar of Elyvilon.
  5204 | D:6      | Noticed Grinder
  5209 | D:6      | Paralysed by Grinder for 5 turns
  5214 | D:6      | Killed Grinder
  5386 | D:6      | Noticed a kobold demonologist
  5389 | D:6      | Noticed a ynoxinul
  5399 | D:6      | Killed a kobold demonologist
  5400 | D:6      | Reached XP level 9. HP: 19/97 MP: 9/9
  5854 | D:6      | Found a hazy altar of Hepliaklqana.
  5870 | D:6      | Became a worshipper of Hepliaklqana the Forgotten
  5901 | D:6      | Found a basalt altar of Yredelemnul.
  6456 | D:6      | Found a staircase to the Ecumenical Temple.
  6482 | Temple   | Entered the Ecumenical Temple
  6693 | D:6      | Found a shimmering altar of Xom.
  6881 | D:6      | Reached skill level 1 in Invocations
  6992 | D:6      | Identified the +0 scale mail of the Untouchables {rPois
                  | Will+ rCorr Int-3}
  7003 | D:7      | Found an iron altar of Okawaru.
  7022 | D:7      | Reached skill level 10 in Maces & Flails
  7429 | D:7      | Reached skill level 10 in Fighting
  7693 | D:7      | Reached * piety under Hepliaklqana
  7711 | D:7      | HP: 1/87 [wight/+1 spear of freezing (5)]
  7711 | D:7      | Slain by an ice beast

Illustrated notes

Levels and vault maps discovered:
D:1:      lemuel_arrival_rhombus, layout_basic, minmay_pentomino_o4
D:2:      layout_basic, hellmonk_ecumenical_altar_pennies_from_heaven
D:3:      layout_loops_corners, cheibriados_altar_1, st_stairs_13, uniq_sigmund
D:4:      layout_layer_cave, mainiacjoe_overflow_chevrons
D:5:      cheibrodos_thug_alley, layout_basic, kennysheep_little_box,
          nicolae_elyvilon_peaceful_grove, serial_bayou_lake_a
D:6:      layout_loops_cross, overflow_temple_1_default, old_standard_altar,
          lemuel_round_altar, minmay_temple_entry_waves, minmay_three_doors,
          uniq_grinder
D:7:      layout_basic, mainiacjoe_overflow_cross_hatched
Temple:   hellmonk_temple_rainy

Skill      XL: |  1  2  3  4  5  6  7  8  9 |
---------------+----------------------------+-----
Shields        | 3 4 |  4.7
Maces & Flails | 3 4 5 6 8 10 | 10.5
Fighting       | 5 6 8 10 | 10.2
Invocations    | 3 |  3.0
Dodging        | |  2.8

Action                     |  1- 3 |  4- 6 |  7- 9 || total
---------------------------+-------+-------+-------++-------
  Melee: Flail             |   107 |   117 |    60 ||   284
         Headbutt          |    16 |    12 |    38 ||    66
         Giant club        |       |       |   175 ||   175
    Use: Scroll            |       |     7 |     3 ||    10
         Potion            |       |     1 |     1 ||     2
   Stab: Sleeping          |       |     1 |       ||     1
 Armour: Robe              |    60 |    78 |   253 ||   391
  Dodge: Dodged            |    56 |    38 |   162 ||   256
  Block: Kite shield       |    44 |    58 |    38 ||   140
